 Dungeon Crawl Stone Soup version 0.28.0-43-g3370ac3207 (webtiles) character file.

Game seed: 924249278354049691

87 Zeld the Magician (level 4, -5/36 HPs)
             Began as a Deep Elf Fire Elementalist on Mar 12, 2022.
             Slain by a scorpion (8 damage)
             ... on level 4 of the Dungeon.
             The game lasted 00:02:06 (2596 turns).

Zeld the Magician (Deep Elf Fire Elementalist)      Turns: 2596, Time: 00:02:06

Health: -5/36      AC:  3    Str:  5    XL:     4   Next: 28%
Magic:  4/12       EV: 13    Int: 22    God:
Gold:   178        SH:  0    Dex: 15    Spells: 8/11 levels left

rFire   . . .      SeeInvis .   (no weapon)
rCold   . . .      Faith    .   (no shield)
rNeg    . . .      Spirit   .   a - +0 robe
rPois   .          Reflect  .   (no helmet)
rElec   .          Harm     .   l - +0 cloak
rCorr   .          Rampage  .   (no gloves)
Will    .....                   (no boots)
Stlth   ..........              (no amulet)
HPRegen 0.12/turn               (no ring)
MPRegen 0.13/turn               (no ring)

@: berserking, lethally poisoned (-5 -> -15), very slightly contaminated, very
quick
A: no striking features
a: no special abilities


You were on level 4 of the Dungeon.
You visited 1 branch of the dungeon, and saw 4 of its levels.

You collected 178 gold pieces.

Inventory:

Armour
 a - a +0 robe (worn)
 l - a +0 cloak (worn)
Scrolls
 b - a scroll of identify {unknown}
 d - a scroll of teleportation {unknown}
 e - 3 scrolls of summoning {unknown}
 g - a scroll of noise {unknown}
 i - a scroll of enchant weapon {unknown}
 j - a scroll of enchant armour {unknown}
 k - a scroll of holy word {unknown}
 n - a scroll of fear {unknown}
 p - 2 scrolls of magic mapping {unknown}
Potions
 c - a potion of berserk rage
 f - a potion of haste {unknown}
 h - 2 potions of mutation {unknown}
 m - a potion of brilliance {unknown}
 o - a potion of ambrosia {unknown}
 q - a potion of might {unknown}


   Skills:
 + Level 2.9 Dodging
 + Level 3.0 Stealth
 * Level 4.2 Spellcasting
 + Level 1.9 Conjurations
 * Level 4.2 Fire Magic


You had 8 spell levels left.
You knew the following spells:

 Your Spells              Type           Power      Damage    Failure   Level
a - Foxfire               Conj/Fire      72%        2x1d7     3%          1
b - Scorch                Fire           46%        2d7       3%          2

Your spell library contained the following spells:

 Spells                   Type           Power      Damage    Failure   Level
 Conjure Flame            Conj/Fire      18%        6-21      10%         3
 Inner Flame              Hex/Fire       13%        N/A       14%         3
 Flame Wave               Conj/Fire      18%        2d6       30%         4


Dungeon Overview and Level Annotations

Branches:
Dungeon (4/15)
 Temple: D:4-7

Altars:
Fedhas


Message History

Flames lash the scorpion.
The scorpion is lightly wounded.
The scorpion's fire resistance burns away.
The scorpion misses you.
Casting: Scorch (safe; 3% risk of failure)
Confirm with . or Enter, or press ? or * to list all spells.
Flames lash the scorpion.
The scorpion is burned terribly!
The scorpion is heavily wounded.
The scorpion stings you.
Casting: Scorch (safe; 3% risk of failure)
Confirm with . or Enter, or press ? or * to list all spells.
Flames lash the scorpion.
The scorpion is burned terribly!
The scorpion is almost dead.
The scorpion stings you.
You are poisoned.
The scorpion poisons you!
Casting: Scorch (safe; 3% risk of failure)
Confirm with . or Enter, or press ? or * to list all spells.
You miscast Scorch.
You are very lightly contaminated with residual magic.
Nothing appears to happen.
You feel very sick. The scorpion stings you!
* * * LOW HITPOINT WARNING * * *
You are more poisoned.
The scorpion poisons you! The scorpion stings you.
* * * LOW HITPOINT WARNING * * *
It was a potion of berserk rage.
A red film seems to cover your vision as you go berserk!
You feel yourself moving faster!
You feel mighty!
* * * LOW HITPOINT WARNING * * *
You feel very sick. The scorpion closely misses you.
Unknown command.
You are too berserk!
You hit the scorpion.
The scorpion is almost dead.
* * * LOW HITPOINT WARNING * * *
You feel sick. The scorpion stings you!
You die...

##...### ........
###...####......../#
###...#..........#
###............##
##...##.......#
##..## #.....# ##..#
#w....###
#..###.s......
##....@.......
#...##....... #.###
....... #.# .......
..# ....... #.##
....... .. #......
#.. #.....


You could see a worm and a scorpion (combustible).

Vanquished Creatures
  An orc wizard (D:4)
  An adder (D:2)
  A dart slug (D:3)
  2 orcs (D:4)
  2 bats
  4 endoplasms
  A giant cockroach (D:1)
  4 goblins
  4 hobgoblins
  4 jackals (D:2)
  4 quokkas
  8 ball pythons
  3 frilled lizards
  3 kobolds
  2 rats (D:1)
44 creatures vanquished.

Vanquished Creatures (others)
  167 foxfires
167 creatures vanquished.

Grand Total: 211 creatures vanquished

Notes
Turn   | Place    | Note
-------+----------+-------------------------------------------
     0 | D:1      | Zeld the Deep Elf Fire Elementalist began the quest for the
                  | Orb.
     0 | D:1      | Reached XP level 1. HP: 10/10 MP: 6/6
   251 | D:1      | Reached XP level 2. HP: 15/15 MP: 4/8
   254 | D:1      | Learned a level 2 spell: Scorch
   867 | D:2      | Reached XP level 3. HP: 18/19 MP: 3/10
  1446 | D:2      | Found a blossoming altar of Fedhas.
  2433 | D:4      | Reached XP level 4. HP: 24/24 MP: 9/12
  2587 | D:4      | Noticed a scorpion
  2596 | D:4      | Slain by a scorpion

Illustrated notes

Levels and vault maps discovered:
D:1:      minmay_arrival_open_corners, layout_rooms, columned_hall_lemuel,
          minmay_misc_feat_five
D:2:      layout_basic, basic_altar, hex_large
D:3:      layout_basic, serial_bayou_pond_a, kennysheep_generic_room_2
D:4:      layout_cave_pods, nicolae_uskayaw_dance_hall

Skill      XL: |  1  2  3 |
---------------+----------+-----
Fire Magic     | 4 |  4.2
Spellcasting   | 4 |  4.2
Stealth        | 3 |  3.0
Dodging        | |  2.9
Conjurations   | |  1.9

Action                   |  1- 3 |  4- 6 || total
-------------------------+-------+-------++-------
Melee: Unarmed           |     1 |     1 ||     2
 Cast: Foxfire           |    96 |     2 ||    98
       Scorch            |     3 |     8 ||    11
  Use: Potion            |       |     1 ||     1
Armor: Robe              |     5 |       ||     5
Dodge: Dodged            |    17 |     6 ||    23
